NCAA
CLEMSON TIGERS @ WASHINGTON HUSKIES
05/03/2027
 
TOP OF THE 1ST
Clemson Tigers batting - Pitching for Washington Huskies : RHP Dave Woods
Pitching: RHP Dave Woods
Batting: LHB Aaron Thompson 0-0: Foul Ball, location: 2F
0-1: Ball
1-1: Ball
2-1: Swinging Strike
2-2: Fly out, F9 (Line Drive, 9D)
Batting: SHB Jesse Brown 0-0: Called Strike
0-1: Swinging Strike
0-2: Ball
1-2: Fly out, F7 (Line Drive, 78M)
Batting: LHB Frank Vázquez 0-0: Called Strike
0-1: Ball
1-1: Called Strike
1-2: Ball
2-2: Ball
3-2: SINGLE (Line Drive, 4)
Batting: RHB Henry Gregory 0-0: Fielders Choice at 2nd, 4-6 (Groundball, 4)
Top of the 1st over - 0 run(s), 1 hit(s), 0 error(s), 0 left on base; Clemson 0 - Washington 0
BOTTOM OF THE 1ST
Washington Huskies batting - Pitching for Clemson Tigers : LHP Alex Owen
Pitching: LHP Alex Owen
Batting: RHB Toby Hurley 0-0: Ball
1-0: Ball
2-0: Ground out 6-3 (Groundball, 6)
Batting: RHB Jeff Shephard 0-0: Fly out, F5 (Line Drive, 56)
Batting: RHB Jack Dean 0-0: Ground out 4-3 (Groundball, 4M)
Bottom of the 1st over - 0 run(s), 0 hit(s), 0 error(s), 0 left on base; Clemson 0 - Washington 0
TOP OF THE 2ND
Clemson Tigers batting - Pitching for Washington Huskies : RHP Dave Woods
Batting: LHB Peter Puckett 0-0: Called Strike
0-1: Ball
1-1: Ball
2-1: DOUBLE (Line Drive, 78M)
Batting: RHB Tom Harris 0-0: Swinging Strike
0-1: Foul Ball, location: 2F
0-2: Ball
1-2: Foul Ball, location: 2F
1-2: Ball
2-2: Foul Ball, location: 2F
2-2: Strikes out swinging
Batting: LHB Bob Huerta 0-0: Ball
1-0: Ball
2-0: Ball
3-0: Base on Balls
Batting: LHB Wilson Turner 0-0: Ball
1-0: Ball
2-0: Called Strike
2-1: Swinging Strike
2-2: Strikes out swinging
Batting: RHB Wayne Scott 0-0: Foul Ball, location: 2F
0-1: SINGLE (Line Drive, 78S)
Peter Puckett to third
Bob Huerta to second
Batting: LHB Aaron Thompson 0-0: Swinging Strike
0-1: Ball
1-1: Ball
2-1: Foul Ball, location: 2F
2-2: Foul Ball, location: 2F
2-2: Ball
3-2: Ground out 6-3 (Groundball, 6)
Top of the 2nd over - 0 run(s), 2 hit(s), 0 error(s), 3 left on base; Clemson 0 - Washington 0
BOTTOM OF THE 2ND
Washington Huskies batting - Pitching for Clemson Tigers : LHP Alex Owen
Batting: RHB Jeff O'Toole 0-0: Called Strike
0-1: Foul Ball, location: 2F
0-2: Ground out 6-3 (Groundball, 6)
Batting: SHB José Ruíz 0-0: Called Strike
0-1: SINGLE (Groundball, 6MD)
Batting: RHB Ben Johnson 0-0: Ball
1-0: Ball
2-0: Called Strike
2-1: Foul Ball, location: 2F
2-2: Fly out, F8 (Line Drive, 8LM)
Batting: RHB Samuel Robbins 0-0: Ball
1-0: Foul Ball, location: 2F
1-1: Ball
2-1: Ball
3-1: Foul Ball, location: 2F
3-2: Foul Ball, location: 2F
3-2: Ground out 5-3 (Groundball, 5)
Bottom of the 2nd over - 0 run(s), 1 hit(s), 0 error(s), 1 left on base; Clemson 0 - Washington 0
TOP OF THE 3RD
Clemson Tigers batting - Pitching for Washington Huskies : RHP Dave Woods
Batting: SHB Jesse Brown 0-0: Ball
1-0: Ball
2-0: DOUBLE (Flyball, 9)
Batting: LHB Frank Vázquez 0-0: Ground out 4-3 (Groundball, 4)
Jesse Brown to third
Batting: RHB Henry Gregory 0-0: Ball
1-0: Ball
2-0: Ground out 5-3 (Groundball, 5L)
Batting: LHB Peter Puckett 0-0: Called Strike
0-1: Called Strike
0-2: Ball
1-2: Ball
2-2: Strikes out swinging
Top of the 3rd over - 0 run(s), 1 hit(s), 0 error(s), 1 left on base; Clemson 0 - Washington 0
BOTTOM OF THE 3RD
Washington Huskies batting - Pitching for Clemson Tigers : LHP Alex Owen
Batting: RHB Erik Carbajal 0-0: Ball
1-0: SINGLE (Line Drive, 6MD)
Batting: RHB Jim Hooper 0-0: Ball
1-0: Ball
2-0: Foul Ball, location: 2F
2-1: Swinging Strike
2-2: Ball
3-2: Foul Ball, location: 2F
3-2: Base on Balls
Erik Carbajal to second
Batting: RHB Toby Hurley 0-0: Grounds into double play, 5-4-3 (Groundball, 56)
Erik Carbajal to third
Batting: RHB Jeff Shephard 0-0: Ball
1-0: Ball
2-0: Ball
3-0: Called Strike
3-1: Foul Ball, location: 2F
3-2: Base on Balls
Batting: RHB Jack Dean 0-0: Fly out, F6 (Popup, 6)
Bottom of the 3rd over - 0 run(s), 1 hit(s), 0 error(s), 2 left on base; Clemson 0 - Washington 0
TOP OF THE 4TH
Clemson Tigers batting - Pitching for Washington Huskies : RHP Dave Woods
Batting: RHB Tom Harris 0-0: Ball
1-0: Ball
2-0: Called Strike
2-1: Ball
3-1: Foul Ball, location: 2F
3-2: Foul Ball, location: 2F
3-2: Strikes out swinging
Batting: LHB Bob Huerta 0-0: Ball
1-0: Called Strike
1-1: Foul Ball, location: 2F
1-2: Ball
2-2: Strikes out swinging
Batting: LHB Wilson Turner 0-0: Swinging Strike
0-1: Foul Ball, location: 2F
0-2: Ball
1-2: Strikes out swinging
Top of the 4th over - 0 run(s), 0 hit(s), 0 error(s), 0 left on base; Clemson 0 - Washington 0
BOTTOM OF THE 4TH
Washington Huskies batting - Pitching for Clemson Tigers : LHP Alex Owen
Batting: RHB Jeff O'Toole 0-0: Called Strike
0-1: Foul Ball, location: 2F
0-2: Ball
1-2: Foul Ball, location: 2F
1-2: Ball
2-2: Strikes out swinging, 2-3 out at first.
Batting: SHB José Ruíz 0-0: Swinging Strike
0-1: Called Strike
0-2: Ball
1-2: Ball
2-2: Ball
3-2: Strikes out swinging
Batting: RHB Ben Johnson 0-0: Called Strike
0-1: Foul Ball, location: 2F
0-2: Strikes out looking
Bottom of the 4th over - 0 run(s), 0 hit(s), 0 error(s), 0 left on base; Clemson 0 - Washington 0
TOP OF THE 5TH
Clemson Tigers batting - Pitching for Washington Huskies : RHP Dave Woods
Batting: RHB Wayne Scott 0-0: Ball
1-0: Ball
2-0: Called Strike
2-1: Foul Ball, location: 2F
2-2: Ball
3-2: Ground out 6-3 (Groundball, 6S)
Batting: LHB Aaron Thompson 0-0: Called Strike
0-1: Ball
1-1: Ground out 4-3 (Groundball, 4)
Batting: SHB Jesse Brown 0-0: Called Strike
0-1: Swinging Strike
0-2: Ball
1-2: Ball
2-2: Ball
3-2: Foul Ball, location: 2F
3-2: Base on Balls
Pitching: RHP António Corrigan
Batting: LHB Frank Vázquez 0-0: Fly out, F4 (Line Drive, 4)
Top of the 5th over - 0 run(s), 0 hit(s), 0 error(s), 1 left on base; Clemson 0 - Washington 0
BOTTOM OF THE 5TH
Washington Huskies batting - Pitching for Clemson Tigers : LHP Alex Owen
Batting: RHB Samuel Robbins 0-0: Ball
1-0: Called Strike
1-1: Swinging Strike
1-2: Foul Ball, location: 2F
1-2: Strikes out looking
Batting: RHB Erik Carbajal 0-0: Called Strike
0-1: Foul Ball, location: 2F
0-2: Ball
1-2: Foul Ball, location: 2F
1-2: SOLO HOME RUN (Flyball, 7D), Distance : 347 ft
Batting: RHB Jim Hooper 0-0: Called Strike
0-1: Ball
1-1: Ball
2-1: Fly out, F7 (Flyball, 78M)
Batting: RHB Toby Hurley 0-0: Ball
1-0: Foul Ball, location: 2F
1-1: Ball
2-1: Called Strike
2-2: Strikes out swinging
Bottom of the 5th over - 1 run(s), 1 hit(s), 0 error(s), 0 left on base; Clemson 0 - Washington 1
TOP OF THE 6TH
Clemson Tigers batting - Pitching for Washington Huskies : RHP António Corrigan
Batting: RHB Henry Gregory 0-0: Called Strike
0-1: Ball
1-1: Ball
2-1: Foul Ball, location: 2F
2-2: Foul Ball, location: 2F
2-2: Strikes out swinging
Batting: LHB Peter Puckett 0-0: Foul Ball, location: 2F
0-1: Swinging Strike
0-2: Fly out, F4 (Line Drive, 4)
Batting: RHB Tom Harris 0-0: Ball
1-0: Swinging Strike
1-1: Swinging Strike
1-2: Strikes out swinging
Top of the 6th over - 0 run(s), 0 hit(s), 0 error(s), 0 left on base; Clemson 0 - Washington 1
BOTTOM OF THE 6TH
Washington Huskies batting - Pitching for Clemson Tigers : LHP Alex Owen
Batting: RHB Jeff Shephard 0-0: Ball
1-0: Ground out 4-3 (Groundball, 4)
Batting: RHB Jack Dean 0-0: Foul Ball, location: 2F
0-1: Foul Ball, location: 2F
0-2: SINGLE (Groundball, 56D)
Batting: RHB Jeff O'Toole 0-0: Called Strike
0-1: Ball
1-1: Swinging Strike
1-2: Ball
Error on foul ball, E7
2-2: Fly out, F6 (Popup, 6)
Pitching: RHP Neal McElroy
Batting: SHB José Ruíz 0-0: Ball
1-0: Fly out, F4 (Line Drive, 4)
Bottom of the 6th over - 0 run(s), 1 hit(s), 1 error(s), 1 left on base; Clemson 0 - Washington 1
TOP OF THE 7TH
Clemson Tigers batting - Pitching for Washington Huskies : RHP António Corrigan
Batting: LHB Bob Huerta 0-0: Ball
1-0: Called Strike
1-1: Ball
2-1: Foul Ball, location: 2F
2-2: Ball
3-2: Foul Ball, location: 2F
3-2: Foul Ball, location: 2F
3-2: Base on Balls
Batting: LHB Wilson Turner 0-0: Foul Ball, location: 2F
0-1: Ball
1-1: Bunted foul
1-2: 2-RUN HOME RUN (Flyball, 89XD), Distance : 386 ft
Batting: RHB Wayne Scott 0-0: Swinging Strike
0-1: Swinging Strike
0-2: Strikes out looking
Batting: LHB Aaron Thompson 0-0: Foul Ball, location: 2F
0-1: Foul Ball, location: 2F
0-2: Ball
1-2: Foul Ball, location: 2F
1-2: SINGLE (Flyball, 7S)
Batting: SHB Jesse Brown 0-0: Ball
1-0: Called Strike
1-1: Called Strike
Aaron Thompson is caught stealing 2nd base
1-2: Ball
2-2: Ball
3-2: Foul Ball, location: 2F
3-2: Foul Ball, location: 2F
3-2: Base on Balls
Batting: LHB Frank Vázquez 0-0: Ball
1-0: Ball
2-0: Called Strike
2-1: Ball
3-1: Base on Balls
Jesse Brown to second
Batting: RHB Henry Gregory 0-0: Ball
1-0: Called Strike
1-1: Swinging Strike
1-2: Strikes out looking
Top of the 7th over - 2 run(s), 2 hit(s), 0 error(s), 2 left on base; Clemson 2 - Washington 1
BOTTOM OF THE 7TH
Washington Huskies batting - Pitching for Clemson Tigers : RHP Neal McElroy
Batting: RHB Ben Johnson 0-0: Ground out 5-3 (Groundball, 5L)
Batting: RHB Samuel Robbins 0-0: Ball
1-0: Ball
2-0: Ball
3-0: Base on Balls
Batting: RHB Erik Carbajal 0-0: Swinging Strike
0-1: Ball
1-1: Foul Ball, location: 2F
1-2: Foul Ball, location: 2F
1-2: Strikes out swinging
Pinch Hitting: RHB Tomás Fernández 0-0: Ball
1-0: Foul Ball, location: 2F
1-1: Swinging Strike
1-2: Strikes out swinging
Bottom of the 7th over - 0 run(s), 0 hit(s), 0 error(s), 1 left on base; Clemson 2 - Washington 1
TOP OF THE 8TH
Clemson Tigers batting - Pitching for Washington Huskies : RHP António Corrigan
Pitching: RHP Rodger Hernández
Now at 1B: Tomás Fernández
Batting: LHB Peter Puckett 0-0: Ball
1-0: Swinging Strike
1-1: Ball
2-1: Called Strike
2-2: Ball
3-2: Base on Balls
Pinch Hitting: RHB Gilbert Chapman 0-0: DOUBLE (Flyball, 78D)
Peter Puckett to third
Batting: LHB Bob Huerta 0-0: Fly out, F9 (Flyball, 89S)
Runner from 3rd tags up, SCORES, no throw
Batting: LHB Wilson Turner 0-0: Intentional Walk
Batting: RHB Wayne Scott 0-0: Ball
1-0: Foul Ball, location: 2F
1-1: Foul Ball, location: 2F
1-2: Ball
2-2: Foul Ball, location: 2F
2-2: Ball
3-2: Base on Balls
Gilbert Chapman to third
Wilson Turner to second
Batting: LHB Aaron Thompson 0-0: Ball
1-0: Called Strike
1-1: Ball
2-1: Foul Ball, location: 2F
2-2: Ball
3-2: Fly out, F9 (Flyball, 9LS)
Batting: SHB Jesse Brown 0-0: Ball
1-0: Swinging Strike
1-1: Ball
2-1: Swinging Strike
2-2: Foul Ball, location: 2F
2-2: Foul Ball, location: 2F
2-2: SINGLE (Groundball, 4MD)
Gilbert Chapman scores
Wilson Turner to third
Wayne Scott to second
Runner from 3rd tries for Home, SAFE, no throw
Pitching: LHP Sherwood McGhee
Batting: LHB Frank Vázquez 0-0: Ball
1-0: Ball
2-0: Foul Ball, location: 2F
2-1: Foul Ball, location: 2F
2-2: Ball
3-2: Ground out 4-3 (Groundball, 4)
Top of the 8th over - 3 run(s), 2 hit(s), 0 error(s), 2 left on base; Clemson 5 - Washington 1
BOTTOM OF THE 8TH
Washington Huskies batting - Pitching for Clemson Tigers : RHP Neal McElroy
Now at 1B: Gilbert Chapman
Batting: RHB Toby Hurley 0-0: Ball
1-0: Called Strike
1-1: SOLO HOME RUN (Flyball, 78XD), Distance : 365 ft
Batting: RHB Jeff Shephard 0-0: Foul Ball, location: 2F
0-1: SINGLE (Groundball, 6MD)
Batting: RHB Jack Dean 0-0: Fly out, F9 (Flyball, 9S)
Batting: RHB Jeff O'Toole 0-0: Called Strike
0-1: Ball
1-1: Ball
2-1: Ball
3-1: Foul Ball, location: 2F
3-2: Base on Balls
Jeff Shephard to second
Batting: SHB José Ruíz 0-0: Ball
1-0: Fielders Choice at 2nd, 4-6 (Groundball, 4M)
Jeff Shephard to third
Batting: RHB Ben Johnson 0-0: Ball
1-0: SINGLE (Line Drive, 6MD)
Jeff Shephard scores
José Ruíz to second
Batting: RHB Samuel Robbins 0-0: Ball
1-0: Called Strike
1-1: Foul Ball, location: 2F
1-2: Ball
2-2: Ball
3-2: SINGLE (Groundball, 56D)
José Ruíz to third
Ben Johnson to second
José Ruíz scores
Ben Johnson to third
Pitching: RHP Bob Jordan
Batting: RHB Erik Carbajal 0-0: Called Strike
0-1: Ball
1-1: Swinging Strike
1-2: Strikes out looking
Bottom of the 8th over - 3 run(s), 4 hit(s), 0 error(s), 2 left on base; Clemson 5 - Washington 4
TOP OF THE 9TH
Clemson Tigers batting - Pitching for Washington Huskies : LHP Sherwood McGhee
Pitching: LHP Michael Young
Batting: RHB Henry Gregory 0-0: Ground out 6-3 (Groundball, 6M)
Batting: LHB Peter Puckett 0-0: Called Strike
0-1: Ball
1-1: SINGLE (Flyball, 8RS)
Batting: RHB Gilbert Chapman 0-0: Ball
1-0: Called Strike
1-1: Swinging Strike
1-2: Strikes out swinging
Batting: LHB Bob Huerta 0-0: Ball
Error on foul ball, E3
1-1: Swinging Strike
1-2: Ball
2-2: Ball
3-2: Base on Balls
Peter Puckett to second
Batting: LHB Wilson Turner 0-0: Called Strike
0-1: Fielders Choice at 2nd, 6-4 (Groundball, 6)
Top of the 9th over - 0 run(s), 1 hit(s), 1 error(s), 1 left on base; Clemson 5 - Washington 4
BOTTOM OF THE 9TH
Washington Huskies batting - Pitching for Clemson Tigers : RHP Bob Jordan
Pitching: RHP José Sánchez
Batting: RHB Tomás Fernández 0-0: Ball
1-0: Ball
2-0: Ball
3-0: Base on Balls
Batting: RHB Toby Hurley 0-0: Ball
1-0: Ball
2-0: Ball
3-0: Base on Balls
Tomás Fernández to second
Batting: RHB Jeff Shephard 0-0: Bunted foul
0-1: Bunted foul
0-2: Ball
1-2: Ball
2-2: Ball
3-2: Fielders Choice at 2nd, 6-4 (Groundball, 6)
Tomás Fernández to third
Batting: RHB Jack Dean 0-0: Hit by Pitch
Jeff Shephard to second
Batting: RHB Jeff O'Toole 0-0: Called Strike
0-1: Ball
1-1: Ball
2-1: Foul Ball, location: 2F
2-2: Fly out, F6 (Popup, 6D)
Batting: SHB José Ruíz 0-0: Ball
1-0: Swinging Strike
1-1: Foul Ball, location: 2F
1-2: Ball
2-2: Foul Ball, location: 2F
2-2: Ball
3-2: Base on Balls
Tomás Fernández scores
Jeff Shephard to third
Jack Dean to second
Batting: RHB Ben Johnson 0-0: Called Strike
0-1: Ball
1-1: Swinging Strike
1-2: Ball
2-2: Ball
3-2: Strikes out swinging
Bottom of the 9th over - 1 run(s), 0 hit(s), 0 error(s), 3 left on base; Clemson 5 - Washington 5
TOP OF THE 10TH
Clemson Tigers batting - Pitching for Washington Huskies : LHP Michael Young
Batting: RHB Wayne Scott 0-0: Ball
1-0: Ball
2-0: Ball
3-0: Called Strike
3-1: Base on Balls
Batting: LHB Aaron Thompson 0-0: Ball
1-0: Called Strike
1-1: Called Strike
1-2: Ball
2-2: Ball
3-2: Single, Error in OF, E8, batter to second base
Wayne Scott to third
Batting: SHB Jesse Brown 0-0: Ball
1-0: Ground out 5-3 (Groundball, 56S)
Batting: LHB Frank Vázquez 0-0: Intentional Walk
Batting: RHB Henry Gregory 0-0: Ball
1-0: Swinging Strike
1-1: Grounds into fielders choice 6-2 (Groundball, 6)
Aaron Thompson to third
Frank Vázquez to second
Batting: LHB Peter Puckett 0-0: Ball
1-0: Ball
2-0: Ball
3-0: Called Strike
3-1: Base on Balls
Aaron Thompson scores
Frank Vázquez to third
Henry Gregory to second
Batting: RHB Gilbert Chapman 0-0: Ball
1-0: Called Strike
1-1: Called Strike
1-2: Strikes out swinging
Top of the 10th over - 1 run(s), 1 hit(s), 1 error(s), 3 left on base; Clemson 6 - Washington 5
BOTTOM OF THE 10TH
Washington Huskies batting - Pitching for Clemson Tigers : RHP José Sánchez
Batting: RHB Samuel Robbins 0-0: Ball
1-0: SINGLE (Groundball, 34S) (infield hit)
Batting: RHB Erik Carbajal 0-0: Sac Bunt - play at first, batter OUT! 1-4
Samuel Robbins to second
Batting: RHB Tomás Fernández 0-0: Ball
1-0: Swinging Strike
1-1: Ball
2-1: Foul Ball, location: 2F
2-2: Ball
3-2: Strikes out swinging
Batting: RHB Toby Hurley 0-0: Ball
1-0: Swinging Strike
1-1: SINGLE (Groundball, 6D)
Samuel Robbins to third
Runner from 3rd tries for Home, SAFE, no throw
Batting: RHB Jeff Shephard 0-0: SINGLE (Line Drive, 34)
Toby Hurley to second
Batting: RHB Jack Dean 0-0: Ball
1-0: Fielders Choice at 2nd, 6-4 (Groundball, 6)
Bottom of the 10th over - 1 run(s), 3 hit(s), 0 error(s), 1 left on base; Clemson 6 - Washington 6
TOP OF THE 11TH
Clemson Tigers batting - Pitching for Washington Huskies : LHP Michael Young
Pitching: RHP Tim Lowry
Batting: LHB Bob Huerta 0-0: Called Strike
0-1: Foul Ball, location: 2F
0-2: Fly out, F7 (Flyball, 7S)
Batting: LHB Wilson Turner 0-0: Ball
1-0: Called Strike
1-1: Ball
2-1: Fly out, F9 (Flyball, 9)
Batting: RHB Wayne Scott 0-0: Ball
1-0: Called Strike
1-1: Ball
2-1: Foul Ball, location: 2F
2-2: Foul Ball, location: 2F
2-2: Strikes out swinging
Top of the 11th over - 0 run(s), 0 hit(s), 0 error(s), 0 left on base; Clemson 6 - Washington 6
BOTTOM OF THE 11TH
Washington Huskies batting - Pitching for Clemson Tigers : RHP José Sánchez
Pitching: RHP Oscar Martin
Batting: RHB Jeff O'Toole 0-0: Ball
1-0: Called Strike
1-1: Ball
2-1: Foul Ball, location: 2F
2-2: Ground out 5-3 (Groundball, 5S)
Batting: SHB José Ruíz 0-0: Ball
1-0: Called Strike
1-1: Ball
2-1: Ball
3-1: Base on Balls
Batting: RHB Ben Johnson 0-0: Ball
1-0: Foul Ball, location: 2F
1-1: Called Strike
1-2: Foul Ball, location: 2F
1-2: Foul Ball, location: 2F
1-2: SINGLE (Line Drive, 4D)
José Ruíz to second
Batting: RHB Samuel Robbins 0-0: Ball
1-0: Ball
2-0: Ball
3-0: Called Strike
3-1: Base on Balls
José Ruíz to third
Ben Johnson to second
Batting: RHB Erik Carbajal 0-0: Grounds into fielders choice 5-2 (Groundball, 5)
Ben Johnson to third
Samuel Robbins to second
Batting: RHB Tomás Fernández 0-0: Foul Ball, location: 2F
0-1: SINGLE (Flyball, 9S)
Ben Johnson scores
Thursday, March 30th, 2017 - OOTP Baseball 17.12 Build 75